 Dungeon Crawl Stone Soup version 0.30-a0-738-g116ff8c4af (webtiles) character file.

Game seed: 4364883156565995284

39848 Iich the Executioner (level 13, -8/130 HPs)
             Began as a Minotaur Fighter on Feb 3, 2023.
             Was an Initiate of Gozag.
             Mangled by a death yak (9 damage)
             ... on level 5 of the Lair of Beasts.
             The game lasted 00:28:07 (15626 turns).

Iich the Executioner (Minotaur Fighter)            Turns: 15626, Time: 00:28:07

Health: -8/130     AC: 18    Str: 29    XL:     13   Next: 71%
Magic:  12/12      EV:  9    Int:  5    God:    Gozag
Gold:   3711       SH: 10    Dex: 16    Spells: 12/12 levels left

rFire   . . .      SeeInvis .    N - +4 war axe (freeze)
rCold   . . .      Faith    .    c - +0 buckler
rNeg    + . .      Spirit   .    W - +0 pearl dragon scales
rPois   .          Reflect  +    (helmet restricted)
rElec   .          Harm     .    P - +2 cloak
rCorr   .          Rampage  .    (no gloves)
Will    ++...      Clarity  +    U - +2 pair of boots Stlth
                                 D - amulet of Pidyaph {Reflect Will++ Str+3 SH+5}
HPRegen 0.41/turn                Y - +4 ring of slaying
MPRegen 0.13/turn                x - +6 ring of strength

@: slowed, very slow
A: horns 2, retaliatory headbutt, clarity, shaggy fur 1
a: Renounce Religion, Potion Petition, Call Merchant, Bribe Branch


You were on level 5 of the Lair of Beasts.
You worshipped Gozag.
Gozag was most pleased with you.
You visited 3 branches of the dungeon, and saw 17 of its levels.
You also visited: Ice Cave.

You collected 5827 gold pieces.
You spent 1440 gold pieces at shops.
You paid 676 gold pieces to Gozag.

Inventory:

Hand Weapons
 a - a +0 war axe
 N - a +4 war axe of freezing (weapon)
Missiles
 C - a throwing net (quivered)
Armour
 c - a +0 buckler (worn)
 P - a +2 cloak (worn)
 U - a +2 pair of boots (worn)
 V - a +0 plate armour
 W - +0 pearl dragon scales (worn)
Jewellery
 i - a ring of positive energy
 w - a ring of protection from cold
 x - a +6 ring of strength (right hand)
 y - a +4 ring of protection
 z - a ring of willpower
 D - the amulet of Pidyaph (around neck) {Reflect Will++ Str+3 SH+5}
   (You acquired it on level 8 of the Dungeon)

   [amulet of reflection]

   It reflects blocked missile attacks.
   Str:       It affects your strength (+3).
   SH:        It affects your SH (+5).
   Will:      It greatly increases your willpower.
 L - a ring of see invisible
 S - a +6 ring of dexterity
 X - an amulet of regeneration
 Y - a +4 ring of slaying (left hand)
Wands
 l - a wand of paralysis (8)
 o - a wand of polymorph (7)
 s - a wand of mindburst (11)
 E - a wand of roots (9)
 F - a wand of flame (35)
 Q - a wand of digging (1)
Scrolls
 b - 2 scrolls of enchant armour
 g - 10 scrolls of teleportation
 k - 3 scrolls of magic mapping
 p - 3 scrolls of fog
 r - a scroll of identify
 t - a scroll of silence
 u - 4 scrolls of enchant weapon
 H - 2 scrolls of fear
 K - a scroll of poison
 O - 2 scrolls of blinking
 T - a scroll of torment
Potions
 d - a potion of might
 e - 3 potions of lignification
 f - 11 potions of curing
 h - 2 potions of haste
 j - 3 potions of resistance
 m - 2 potions of mutation
 n - 2 potions of ambrosia
 q - 2 potions of magic
 v - 4 potions of flight
 A - 5 potions of brilliance
 B - 3 potions of heal wounds
 G - a potion of invisibility
 I - a potion of attraction
 M - a potion of berserk rage
Miscellaneous
 J - a condenser vane (inert)


   Skills:
 + Level 16.7 Fighting
 * Level 22.4 Axes
 - Level 3.6 Armour
 - Level 3.6 Shields


You had 12 spell levels left.
You didn't know any spells.
Your spell library contained the following spells:

 Spells                   Type           Power      Damage    Failure   Level
 Blink                    Tloc           0%         N/A       95%         2
 Cigotuvi's Dreadful Rot  Necr/Pois/Air  0%         N/A       95%         2
 Ensorcelled Hibernation  Hex/Ice        0%         N/A       95%         2
 Lesser Beckoning         Tloc           0%         N/A       95%         2
 Momentum Strike          Conj/Tloc      0%         3d8       95%         2
 Passwall                 Tmut/Erth      0%         N/A       95%         2
 Swiftness                Air            0%         N/A       99%         3
 Tukima's Dance           Hex            0%         N/A       99%         3
 Vhi's Electric Charge    Tloc/Air       0%         N/A       99%         3
 Dispel Undead            Necr           0%         3d6       100%        4
 Manifold Assault         Tloc           0%         N/A       100%        4
 Passage of Golubria      Tloc           0%         N/A       100%        4
 Summon Ice Beast         Ice/Summ       0%         N/A       100%        4
 Arcjolt                  Conj/Air       0%         1d10      100%        5
 Silence                  Hex/Air        0%         N/A       100%        5
 Summon Mana Viper        Hex/Summ       0%         N/A       100%        5
 Yara's Violent Unravell  Hex/Tmut       0%         3d3       100%        5
 Death Channel            Necr           0%         N/A       100%        6
 Monstrous Menagerie      Summ           0%         N/A       100%        7
 Storm Form               Tmut/Air       0%         N/A       100%        7
 Lehudib's Crystal Spear  Conj/Erth      0%         10d2      100%        8
 Maxwell's Capacitive Co  Air            0%         ∞         100%        8


Dungeon Overview and Level Annotations

Branches:
Dungeon (11/15)            Temple (1/1) D:5            Lair (5/5) D:10
  Swamp (0/4) Lair:2        Snake (0/4) Lair:3        Slime (0/5) Lair:4
  IceCv (visited)
    Orc: D:9-12

Altars:
Ashenzari
Cheibriados
Dithmenos
Elyvilon
Fedhas
Gozag
Hepliaklqana
Kikubaaqudgha
Makhleb
Nemelex Xobeh
Okawaru
Qazlal
Ru
Sif Muna
Trog
Uskayaw
Vehumet
Wu Jian
Xom
Yredelemnul
Zin
The Shining One
Jiyva

Shops:
D:1 :(!(   D:5 =   D:10 *

Annotations:
D:6 3 runed translucent doors, holysushi's ghost, novice OpMo; sircluck's ghost, novice HOFi


Innate Abilities, Weirdness & Mutations

You have a pair of horns on your head.
You reflexively headbutt those who attack you in melee.
You possess an exceptional clarity of mind.
You are covered in fur. (AC +1)


Message History

You slice the death yak!! You freeze the death yak! You hit the death yak.
You freeze the death yak. You slash the death yak! You freeze the death yak.
You block the death yak's attack. x2; The death yak gores you!
* * * LOW HITPOINT WARNING * * *
The death yak gores you!!
* * * LOW HITPOINT WARNING * * *
The water moccasin bites you but does no damage.
You feel much better.
The water moccasin bites you but does no damage.
You block the death yak's attack. The death yak gores you!
* * * LOW HITPOINT WARNING * * *
The death yak gores you!
* * * LOW HITPOINT WARNING * * *
You block the death yak's attack.
The water moccasin bites you but does no damage.
Clouds of noxious fumes condense around you!
The condenser dries out!
The water moccasin bites you but does no damage.
The death yak is engulfed in noxious fumes.
The death yak appears confused.
The death yak gores the yak!
The death yak is engulfed in noxious fumes.
You block the death yak's attack.
The death yak is engulfed in noxious fumes.
You block the death yak's attack.
The death yak is engulfed in noxious fumes.
The death yak appears confused.
The death yak gores the death yak.
The yak is engulfed in noxious fumes. x2; The water moccasin barely misses you.
The torpor snail is engulfed in noxious fumes.
The death yak is engulfed in noxious fumes.
The death yak appears confused.
The death yak gores you!
* * * LOW HITPOINT WARNING * * *
The death yak is engulfed in noxious fumes.
The death yak gores the yak!!
The death yak completely misses itself.
The death yak is engulfed in noxious fumes.
The death yak gores you!
* * * LOW HITPOINT WARNING * * *
The death yak is engulfed in noxious fumes.
The death yak gores you!
You die...
Your body crumbles into a pile of gold.

#P......##
##.......#
#........#
##......##
#........#
##.......#
#.......###### .
.........##.#Y##....
..........§§@YY§....
.........§SYYw§....
.........§§Y§§.....
..........§§§§.....
...................
...................
...................
...................


You could see 4 death yaks, a torpor snail, 2 yaks and a water moccasin.

Vanquished Creatures
  An ice dragon (IceCv)
  5 hydras
  A catoblepas (Lair:4)
  A two-headed ogre (D:11)
  The ghost of teh the Martial Artist, a novice GnWn (D:9)
  11 death yaks
  Lodul (D:11)
  A bog body (Lair:2)
  5 black mambas
  The ghost of SpyderV the Chopper, a novice MiFi of Ashenzari (D:5)
  Maurice (D:8)
  2 ice statues (IceCv)
  5 cane toads
  2 kobold demonologists
  An unseen horror (shapeshifter) (D:9)
  5 rime drakes
  6 komodo dragons
  2 trolls (D:10)
  2 polar bears (Lair:3)
  A hornet (D:10)
  13 blink frogs
  A shadow (D:10)
  A wraith (D:11)
  17 yaks
  6 basilisks
  A steam dragon (D:9)
  A warg (Lair:1)
  2 acid dragons (D:10)
  28 water moccasins
  Duvessa (D:6)
  3 orc warriors
  4 black bears
  8 ogres
  22 wolves
  10 centaurs
  10 kobold brigands
  3 necrophages
  14 bullfrogs
  2 scorpions
  A gnoll sergeant (D:9)
  A water moccasin zombie (D:5)
  4 wights
  Dowan (D:6)
  3 lindwurm simulacra (IceCv)
  11 killer bees
  5 electric eels
  A crimson imp (D:7)
  7 komodo dragon simulacra (IceCv)
  6 orc priests
  10 hounds
  2 bullfrog skeletons (D:5)
  2 gnoll boudas
  A jelly (D:7)
  5 iguanas
  4 orc wizards
  A mummy (D:5)
  23 gnolls
  5 adders
  4 acid dragon simulacra (IceCv)
  6 shadow imps
  A white imp (D:5)
  2 ufetubi
  7 steam dragon simulacra (IceCv)
  An adder skeleton (D:3)
  3 worms
  4 dart slugs
  25 orcs
  13 ball pythons
  12 endoplasms
  6 giant cockroaches
  2 hobgoblins
  7 jackals
  2 quokkas (D:1)
  A ball python skeleton (D:3)
  A ball python zombie (D:3)
  6 bats
  5 frilled lizards
  A giant cockroach zombie (D:3)
  9 goblins
  42 kobolds
  9 kobold skeletons (D:8)
  9 kobold zombies (D:8)
  3 rats
476 creatures vanquished.

Vanquished Creatures (others)
  A rime drake (IceCv)
  A gnoll (D:9)
  An orc (D:8)
  10 fungi
  44 plants
  9 withered plants
66 creatures vanquished.

Grand Total: 542 creatures vanquished

Notes
Turn   | Place    | Note
-------+----------+-------------------------------------------
     0 | D:1      | Iich the Minotaur Fighter began the quest for the Orb.
     0 | D:1      | Reached XP level 1. HP: 19/19 MP: 0/0
    85 | D:1      | Found Lojiow's Distillery.
    89 | D:1      | Reached skill level 3 in Axes
   123 | D:1      | Reached XP level 2. HP: 27/27 MP: 1/1
   157 | D:1      | Found Reann's Book Shop.
   238 | D:1      | Found Heigoesef's Antique Weapon Shoppe.
   506 | D:1      | Reached XP level 3. HP: 33/33 MP: 2/2
   530 | D:1      | Found Amurr's Weapon Emporium.
   731 | D:2      | Reached skill level 4 in Axes
  1007 | D:2      | Reached XP level 4. HP: 41/41 MP: 3/3
  1598 | D:3      | Reached skill level 5 in Axes
  1606 | D:3      | Reached XP level 5. HP: 26/47 MP: 4/4
  1709 | D:3      | Found a white marble altar of Elyvilon.
  1815 | D:3      | Reached skill level 5 in Fighting
  2715 | D:4      | Reached skill level 6 in Axes
  2740 | D:4      | Identified the +0 robe "Haoz" {Int+3}
  3131 | D:4      | Found a shimmering blue altar of Sif Muna.
  3208 | D:5      | Entered Level 5 of the Dungeon
  3252 | D:5      | Noticed an ogre
  3257 | D:5      | Killed an ogre
  3258 | D:5      | Reached XP level 6. HP: 37/57 MP: 5/5
  3349 | D:5      | Reached skill level 7 in Axes
  3368 | D:5      | Found a transporter.
  3399 | D:5      | Found a sacrificial altar of Ru.
  3399 | D:5      | Found a hide-covered altar of Uskayaw.
  3417 | D:5      | Found a staircase to the Ecumenical Temple.
  3428 | Temple   | Entered the Ecumenical Temple
  3480 | Temple   | Became a worshipper of Gozag Ym Sagoz the Greedy
  3620 | D:5      | Reached XP level 7. HP: 63/63 MP: 6/6
  3669 | D:5      | Found Uroh's Jewellery Boutique.
  3735 | D:5      | Reached skill level 8 in Axes
  3784 | D:5      | Noticed SpyderV's ghost (novice MiFi)
  3954 | D:5      | Found a transporter.
  4321 | D:5      | Killed SpyderV's ghost
  4322 | D:5      | Reached skill level 9 in Axes
  4322 | D:5      | Reached XP level 8. HP: 73/73 MP: 7/7
  4560 | D:6      | Identified the +1 leather armour of Rationality {rElec
                  | Int-4 Dex-2 SInv}
  4563 | D:6      | Reached skill level 10 in Axes
  4777 | D:6      | Found a runed translucent gate.
  4778 | D:6      | Found a runed translucent gate.
  4778 | D:6      | Found a runed translucent gate.
  4778 | D:6      | Noticed holysushi's ghost (novice OpMo)
  4780 | D:6      | Noticed sircluck's ghost (novice HOFi)
  5138 | D:6      | Noticed Duvessa
  5138 | D:6      | Noticed Dowan
  5142 | D:6      | Killed Duvessa
  5148 | D:6      | Killed Dowan
  5149 | D:6      | Reached skill level 11 in Axes
  5408 | D:7      | Found a hazy altar of Hepliaklqana.
  5691 | D:7      | Reached XP level 9. HP: 78/82 MP: 8/8
  5772 | D:7      | Found a shimmering altar of Xom.
  5772 | D:7      | Found a burning altar of Makhleb.
  5858 | D:7      | Reached skill level 12 in Axes
  6198 | D:7      | Found a stormy altar of Qazlal.
  6201 | D:7      | Found an ornate altar of the Wu Jian Council.
  6203 | D:7      | Found a snail-covered altar of Cheibriados.
  6205 | D:7      | Gained mutation: You occasionally lose the ability to drink
                  | potions when taking damage. [potion of mutation]
  6205 | D:7      | Gained mutation: You possess an exceptional clarity of
                  | mind. [potion of mutation]
  6206 | D:7      | Lost mutation: You possess an exceptional clarity of mind.
                  | [potion of mutation]
  6206 | D:7      | Lost mutation: You occasionally lose the ability to drink
                  | potions when taking damage. [potion of mutation]
  6206 | D:7      | Gained mutation: You are covered in fur. (AC +1) [potion of
                  | mutation]
  6206 | D:7      | Gained mutation: You possess an exceptional clarity of
                  | mind. [potion of mutation]
  6316 | D:8      | Reached skill level 13 in Axes
  6507 | D:8      | Reached skill level 10 in Fighting
  6814 | D:8      | Noticed Maurice
  6831 | D:8      | Killed Maurice
  6832 | D:8      | Reached skill level 14 in Axes
  6836 | D:8      | Reached XP level 10. HP: 58/94 MP: 9/9
  7074 | D:8      | Found an ancient bone altar of Kikubaaqudgha.
  7263 | D:8      | Identified 2 scrolls of acquirement
  7263 | D:8      | Acquired 836 gold pieces
  7265 | D:8      | Acquired the amulet of Pidyaph {Reflect Will++ Str+3 SH+5}
  7593 | D:9      | Reached skill level 15 in Axes
  7795 | D:9      | You fall into a shaft and drop 1 floor!
  7795 | D:10     | Entered Level 10 of the Dungeon
  7854 | D:10     | Found a staircase to the Lair.
  8037 | D:10     | Reached skill level 16 in Axes
  8287 | D:9      | Reached XP level 11. HP: 104/104 MP: 10/10
  8496 | D:9      | Found a runed translucent door.
  8500 | D:9      | Noticed teh's ghost (novice GnWn)
  8811 | D:9      | Killed teh's ghost
  8885 | D:10     | Found Uxkil's Lightly-Used Armoury.
  8951 | D:10     | Bought -2 pearl dragon scales for 1440 gold pieces
  9473 | D:11     | Found a frozen archway.
  9481 | IceCv    | Entered an ice cave
  9512 | IceCv    | Reached skill level 17 in Axes
 10200 | IceCv    | Noticed an ice dragon
 10217 | IceCv    | Killed an ice dragon
 10801 | D:11     | Noticed Lodul
 10813 | D:11     | Killed Lodul
 10814 | D:11     | Reached skill level 18 in Axes
 11129 | D:11     | Noticed a two-headed ogre
 11134 | D:11     | Killed a two-headed ogre
 11542 | Lair:1   | Entered Level 1 of the Lair of Beasts
 11701 | Lair:1   | Reached XP level 12. HP: 114/116 MP: 11/11
 11729 | Lair:1   | Reached skill level 19 in Axes
 12593 | Lair:2   | Noticed an eight-headed hydra
 12599 | Lair:2   | Killed an 11-headed hydra
 12689 | Lair:2   | Found a staircase to the Swamp.
 12742 | Lair:2   | Reached skill level 20 in Axes
 12965 | Lair:2   | Reached skill level 15 in Fighting
 13685 | Lair:3   | Identified the +2 leather armour "Cuacziuzu" {rC+}
 13712 | Lair:3   | Found a staircase to the Snake Pit.
 13888 | Lair:3   | Noticed a death yak
 13888 | Lair:3   | Noticed a death yak
 13889 | Lair:3   | Noticed a death yak
 13891 | Lair:3   | Noticed a death yak
 13891 | Lair:3   | Noticed a death yak
 13897 | Lair:3   | Killed a death yak
 13901 | Lair:3   | Killed a death yak
 13902 | Lair:3   | Reached XP level 13. HP: 120/127 MP: 12/12
 13904 | Lair:3   | Reached skill level 21 in Axes
 14933 | Lair:4   | Found a viscous altar of Jiyva.
 15048 | Lair:4   | Found a staircase to the Slime Pits.
 15308 | Lair:5   | Entered Level 5 of the Lair of Beasts
 15326 | Lair:5   | Reached skill level 22 in Axes
 15626 | Lair:5   | HP: 1/130 [death yak (10)]
 15626 | Lair:5   | Mangled by a death yak

Illustrated notes

Levels and vault maps discovered:
D:1:      minmay_arrival_doors, layout_basic, serial_shops, shop_fountains,
          nicolae_shop_hallway_plus, nicolae_shop_statue_plus, shop
D:2:      layout_loops_ring, dk_noncrumbling_3, minmay_pentomino_z4
D:3:      layout_loops_corners, lemuel_doored_altar, serial_undead,
          serial_undead_a, serial_undead_f, serial_undead_b, serial_undead_a,
          serial_undead_a, minmay_misc_feat_tiny
D:4:      layout_basic, mainiacjoe_overflow_alcove_4
D:5:      layout_loops_cross, grunt_temple_overflow_open,
          minmay_temple_entry_statues_pillars, gammafunk_ghost_mausoleum,
          serial_shops, shop_statue
D:6:      layout_basic, gammafunk_ghost_cemetery, minmay_crystal_room,
          uniq_duvessa
D:7:      minmay_octagon_keep, layout_basic,
          grunt_temple_overflow_champion_of_chaos, minitemple,
          kennysheep_decorative_pillar, amcnicky_mini_rare_corridor_liquid,
          minmay_misc_feat_ornament
D:8:      wander_kiku_kobolds, layout_basic, serial_bayou, serial_bayou_shore_b,
          serial_bayou_shore_a, serial_bayou_pond_c, serial_bayou_shore_b,
          serial_bayou_lagoon_a, minmay_tree_intersection, abandoned_shop,
          uniq_maurice
D:9:      layout_irregular_city, hellmonk_ghost_happy_afterlife,
          nrook_loot_triangle, kennysheep_small_circle
D:10:     layout_loops_ring, erik_lair_island, minmay_shop_damaged
D:11:     layout_basic, portal_ice_cave_entry_pillars_2, uniq_lodul
Temple:   hellmonk_temple_forest_ring
Lair:1:   beast_lair_carwin_large_4, layout_loops_ring
Lair:2:   layout_regular_city, skrybe_swamp_entry_bodies, serial_bayou_ford_a,
          infiniplex_staircase_pool_2
Lair:3:   layout_cave_shapes, minmay_snake_entry_six_corridors,
          kennysheep_basilisk_garden
Lair:4:   layout_loops_ring, slime_entry_1, st_stairs_8
Lair:5:   grunt_lair_end_beastmaster, layout_hall_layers,
          minmay_stone_trees_small

Skill      XL: |  1  2  3  4  5  6  7  8  9 10 11 12 13 |
---------------+----------------------------------------+-----
Axes           | 3 4 5 6 7 9 11 14 16 18 20 22 | 22.4
Fighting       | 4 5 6 7 8 10 12 13 15 16 | 16.7
Armour         | |  3.6
Shields        | |  3.6

Action                     |  1- 3 |  4- 6 |  7- 9 | 10-12 | 13-15 || total
---------------------------+-------+-------+-------+-------+-------++-------
  Melee: War axe           |    81 |   148 |   231 |   529 |   119 ||  1108
         Headbutt          |     8 |    29 |    41 |   115 |    23 ||   216
 Invoke: Potion Petition   |       |       |     1 |     1 |       ||     2
  Evoke: Condenser vane    |       |       |     1 |       |     1 ||     2
         Wand              |       |       |       |     3 |       ||     3
    Use: Scroll            |     3 |     5 |     2 |    15 |     1 ||    26
         Potion            |       |     3 |     6 |     1 |     1 ||    11
   Stab: Distracted        |       |       |     1 |     9 |     3 ||    13
         Confused          |       |       |     5 |       |       ||     5
 Armour: Scale mail        |    12 |       |       |       |       ||    12
         Chain mail        |    59 |    64 |   133 |    83 |       ||   339
         Skin              |       |       |    20 |       |       ||    20
         Pearl dragon scal |       |       |       |    98 |    56 ||   154
  Dodge: Dodged            |    45 |    56 |    83 |   132 |    32 ||   348
  Block: Buckler           |    18 |    32 |    44 |   180 |    51 ||   325
         Reflection        |       |       |       |     6 |       ||     6

Table legend: (Time is in decaauts)
 A = Elapsed time spent in this place.
 B = Non-inter-level travel time spent in this place.
 C = Inter-level travel time spent in this place.
 D = Time resting spent in this place.
 E = Time spent auto-exploring this place.
 F = Levels seen in this place.
 G = Mean time per level.
                   A        B        C        D        E       F      G
               +--------+--------+--------+--------+--------+-----+--------+
         Total |  15571 |  15153 |    418 |    910 |  11534 |  18 |  865.1 |
       Dungeon |  10371 |  10045 |    326 |    413 |   7688 |  11 |  942.8 |
        Temple |     87 |     77 |     10 |      0 |     58 |   1 |   87.0 |
          Lair |   4011 |   3930 |     81 |      0 |   3401 |   5 |  802.2 |
      Ice Cave |   1101 |   1101 |      0 |    496 |    386 |   1 | 1101.0 |
               +--------+--------+--------+--------+--------+-----+--------+

Top non-repeatable levels by time:
    D:11: 1112 daAuts
     D:8: 1106 daAuts
   IceCv: 1101 daAuts
     D:5: 1092 daAuts
     D:9: 1061 daAuts
  Lair:2: 1060 daAuts
  Lair:4: 1011 daAuts
     D:4: 1007 daAuts
     D:6: 936 daAuts
     D:7: 911 daAuts
    D:10: 882 daAuts
  Lair:3: 853 daAuts
     D:3: 811 daAuts
  Lair:1: 780 daAuts
     D:2: 772 daAuts
